 Dungeon Crawl Stone Soup version 0.18.1-8-gdd0e5ea (webtiles) character file.

1647 Shtopit the Reanimator (level 8, 0/54 HPs)
             Began as a Mummy Necromancer on May 30, 2016.
             Was a Follower of Makhleb.
             Slain by a killer bee (4 damage)
             ... on level 6 of the Dungeon.
             The game lasted 00:32:59 (7974 turns).

Shtopit the Reanimator (Mummy Necromancer)          Turns: 7974, Time: 00:33:00

Health: 0/54       AC:  8    Str: 11    XL:     8   Next: 67%
Magic:  16/18      EV: 13    Int: 22    God:    Makhleb [*.....]
Gold:   283        SH:  0    Dex: 12    Spells: 5 memorised, 7 levels left

rFire  x . .     SeeInvis .     p - +2 dagger (venom)
rCold  + . .     Gourm    .     j - +2 robe {Archmagi}
rNeg   + + +     Faith    .     (no shield)
rPois  ∞         Spirit   .     q - +0 helmet
rElec  .         Dismiss  .     (no cloak)
rCorr  .         Reflect  .     r - +2 pair of gloves
SustAt .         Harm     .     (no boots)
MR     ++...                    B - amulet of magic regeneration
Stlth  ++........               u - ring of protection from magic
                                o - +5 ring of intelligence

@: very resistant to hostile enchantments, unstealthy
A: no food or potions, fire vulnerability, cold resistance 1, negative energy
resistance 3, torment resistance, unbreathing
a: Renounce Religion


You were on level 6 of the Dungeon.
You worshipped Makhleb.
Makhleb was aware of your devotion.
You were not hungry.

You visited 2 branches of the dungeon, and saw 8 of its levels.

You collected 283 gold pieces.

Inventory:

Hand Weapons
 d - a +0 club
 e - a +0 rapier
 f - a +0 dagger of speed
 h - a +1 hunting sling of flaming
 p - a +2 dagger of venom (weapon)
 v - the +4 trident "Ycrufigg" {pierce, Int+5 Dex+2}
   (You took it off an orc on level 4 of the Dungeon)

   It inflicts extra damage upon your enemies.
   It affects your intelligence (+5).
   It affects your dexterity (+2).
 y - a +0 long sword
 z - a +2 whip of venom
Missiles
 c - 220 stones (quivered)
Armour
 a - a +0 robe
 i - a +1 robe of magic resistance
 j - a +2 robe of the Archmagi (worn)
 l - a +0 leather armour
 q - a +0 helmet (worn)
 r - a +2 pair of gloves (worn)
Jewellery
 o - a +5 ring of intelligence (left hand)
 u - a ring of protection from magic (right hand)
 B - an amulet of magic regeneration (around neck)
Wands
 k - a wand of digging (2/24)
Scrolls
 g - a scroll of enchant weapon
 m - 6 scrolls of remove curse
 n - a scroll of blinking
 s - a scroll of magic mapping
 w - 4 scrolls of fear
 x - a scroll of identify
 A - a scroll of vulnerability
Books
 b - a book of Necromancy

   Spells                             Type                      Level
   a - Pain                           Necromancy                   1
   b - Animate Skeleton               Necromancy                   1
   c - Vampiric Draining              Necromancy                   3
   d - Regeneration                   Charms/Necromancy            3
   e - Animate Dead                   Necromancy                   4
   f - Control Undead                 Necromancy                   4
 t - a Necronomicon

   Spells                             Type                      Level
   a - Haunt                          Necromancy/Summoning         7
   b - Borgnjor's Revivification      Necromancy                   8
   c - Death's Door                   Charms/Necromancy            8
   d - Necromutation                  Transmutation/Necromancy     8


   Skills:
 + Level 1.0 Fighting
 + Level 0.2 Short Blades
 + Level 0.2 Polearms
 + Level 2.9 Dodging
 + Level 2.2 Stealth
 + Level 6.7 Spellcasting
 + Level 8.5 Necromancy


You had 7 spell levels left.
You knew the following spells:

 Your Spells              Type           Power        Failure   Level  Hunger
a - Pain                  Necr           ####         1%          1    N/A
b - Animate Skeleton      Necr           N/A          1%          1    N/A
c - Vampiric Draining     Necr           ######....   1%          3    N/A
d - Animate Dead          Necr           N/A          2%          4    N/A
e - Control Undead        Necr           ######....   2%          4    N/A

Dungeon Overview and Level Annotations

Branches:
Dungeon (7/15)             Temple (1/1) D:5

Altars:
Ashenzari
Cheibriados
Dithmenos
Gozag
Kikubaaqudgha
Makhleb
Nemelex Xobeh
Ru
Trog
Vehumet
Zin
The Shining One

Annotations:
D:5 Barrydekale's ghost, novice MiBe


Innate Abilities, Weirdness & Mutations

You do not eat or drink.
Your flesh is vulnerable to fire.
You are immune to poison.
Your flesh is cold resistant.
You are immune to negative energy.
You are immune to unholy pain and torment.
You can survive without breathing.


Message History

* * * LOW HITPOINT WARNING * * *
The killer bee looks more healthy.
The killer bee barely misses you. The killer bee completely misses you.
The killer bee closely misses you. The killer bee stings you.
* * * LOW HITPOINT WARNING * * *
You climb upwards.
There is a stone staircase leading down here.
Okay, then.
You miss the killer bee.
The killer bee is almost dead.
The killer bee stings you but does no damage. x2
The killer bee stings you.
* * * LOW HITPOINT WARNING * * *
The killer bee completely misses you.
You miss the killer bee.
The killer bee is severely wounded.
The killer bee stings you.
* * * LOW HITPOINT WARNING * * *
The killer bee stings you.
You die...

####.# #....#
#.##.#########
#.##.........#
#.##########.#
####### #.#
##'##### #.....#
#.# #%......
#.###.# #y##
#.......
#.###+#######@y#
#.%.....
#.......<...#..##
##.......
#...........#...#
#.......%
#...........#.#.##
#........
#...........#.#..#
#..###'##
#...........#.##.#
#..# #.#
#...........#.##.##
##.###.##
#...........#.##..#
#.+.._[.
#...........#.###.#
#.######


You could see 2 killer bees.

Vanquished Creatures
  Pikel (D:5)
  Eustachio (D:5)
  A phantom (D:5)
  An ogre (D:6)
  A centaur (D:4)
  A gnoll sergeant (D:5)
  3 killer bees
  2 orc priests (D:2)
  A giant frog skeleton (D:5)
  2 orc wizards
  An iguana (D:4)
  4 worker ants
  6 gnolls
  8 adders
  An ooze (D:6)
  5 worms
  5 dart slugs
  4 giant geckos
  13 orcs
  2 giant cockroaches
  13 goblins
  10 hobgoblins
  6 jackals
  2 quokkas
  3 ball pythons
  10 bats
  6 giant newts
  15 kobolds
  8 rats
136 creatures vanquished.

Vanquished Creatures (collateral kills)
  Duvessa (D:5)
  Dowan (D:5)
  A centaur skeleton (D:1)
  An adder skeleton (D:4)
  2 orcs (D:5)
  A goblin (D:1)
  3 jackals
10 creatures vanquished.

Vanquished Creatures (others)
  3 slaves (D:5)
  An orc priest (D:5)
  2 orc wizards (D:5)
  A giant gecko (D:5)
  2 orcs (D:5)
  A jackal (D:5)
10 creatures vanquished.

Grand Total: 156 creatures vanquished

Notes
Turn   | Place    | Note
--------------------------------------------------------------
     0 | D:1      | Shtopit the Mummy Necromancer began the quest for the Orb.
     0 | D:1      | Reached XP level 1. HP: 13/13 MP: 3/3
   251 | D:1      | Reached XP level 2. HP: 7/19 MP: 0/5
   448 | D:1      | Learned a level 1 spell: Animate Skeleton
  1191 | D:1      | Reached XP level 3. HP: 23/24 MP: 2/6
  1374 | D:1      | Learned a level 3 spell: Vampiric Draining
  1718 | D:2      | Reached skill level 5 in Necromancy
  1718 | D:2      | Reached XP level 4. HP: 30/30 MP: 5/8
  1991 | D:2      | Found a shadowy altar of Dithmenos.
  2141 | D:2      | Found a glowing silver altar of Zin.
  2452 | D:2      | Reached XP level 5. HP: 24/35 MP: 2/10
  2710 | D:2      | Learned a level 4 spell: Animate Dead
  3428 | D:3      | Reached XP level 6. HP: 41/41 MP: 1/12
  3933 | D:3      | Found a bloodstained altar of Trog.
  4386 | D:4      | Learned a level 4 spell: Control Undead
  4533 | D:4      | Reached skill level 6 in Necromancy
  5201 | D:4      | Got an iridescent trident {pierce}
  5279 | D:4      | Identified the +4 trident "Ycrufigg" {pierce, Int+5 Dex+2} (You took it off an orc on level 4 of the Dungeon)
  5590 | D:5      | Entered Level 5 of the Dungeon
  5648 | D:5      | Noticed Barrydekale's ghost (novice MiBe)
  5653 | D:5      | Noticed a slave
  5655 | D:5      | Noticed Pikel
  5658 | D:5      | Noticed a slave
  5660 | D:5      | Found a staircase to the Ecumenical Temple.
  5668 | Temple   | Entered the Ecumenical Temple
  5700 | Temple   | Became a worshipper of Makhleb the Destroyer
  5761 | D:5      | Noticed a slave
  5790 | D:5      | Killed Pikel
  5790 | D:5      | Reached skill level 5 in Spellcasting
  5790 | D:5      | Reached skill level 7 in Necromancy
  5790 | D:5      | Reached XP level 7. HP: 14/47 MP: 1/15
  5808 | D:5      | Noticed Duvessa
  6009 | D:5      | Noticed Dowan
  6017 | D:5      | Killed Duvessa
  6017 | D:5      | Reached skill level 1 in Fighting
  6017 | D:5      | Reached XP level 8. HP: 24/54 MP: 4/16
  6021 | D:5      | Killed Dowan
  6369 | D:5      | Noticed Eustachio
  6383 | D:5      | Killed Eustachio
  6736 | D:5      | Reached skill level 8 in Necromancy
  7395 | D:6      | Reached * piety under Makhleb
  7422 | D:6      | Found an opulent altar of Gozag.
  7974 | D:6      | Slain by a killer bee

Skill      XL: |  1  2  3  4  5  6  7  8 |
---------------+-------------------------+-----
Necromancy     | 5 7 8 |  8.5
Spellcasting   | 3 4 5 6 |  6.7
Stealth        | 2 |  2.2
Dodging        | 2 |  2.9
Fighting       | 1 |  1.0
Short Blades   | |  0.2
Polearms       | |  0.2

Action                   |  1- 3 |  4- 6 |  7- 9 || total
-------------------------+-------+-------+-------++-------
Melee: Dagger            |    14 |    16 |    14 ||    44
       Trident           |       |     9 |       ||     9
 Cast: Pain              |    66 |   177 |    80 ||   323
       Animate Skeleton  |    12 |     8 |       ||    20
       Animate Dead      |       |    15 |     8 ||    23
       Control Undead    |       |     4 |     4 ||     8
  Use: Scroll            |       |     5 |     6 ||    11
Armor: Robe              |     2 |    17 |    22 ||    41
Dodge: Dodged            |    12 |    51 |    67 ||   130
